 Dungeon Crawl Stone Soup version 0.30.1 (webtiles) character file.

Game seed: 6552286768100249239

41 Dordric the Magician (level 3, -4/28 HPs)
             Began as a Djinni Earth Elementalist on July 5, 2023.
             Slain by a gnoll
             ... wielding a +0 spear
              (5 damage)
             ... on level 2 of the Dungeon.
             The game lasted 00:02:10 (904 turns).

Dordric the Magician (Djinni Earth Elementalist)     Turns: 904, Time: 00:02:10

Health: -4/28      AC:  3    Str:  7    XL:     3   Next: 75%
Gold:   58         EV: 11    Int: 18    God:
                   SH:  0    Dex: 13

rFire   + + .        d - +0 dagger (venom)
rCold   x . .        (no shield)
rNeg    . . .        f - +0 leather armour
rPois   ∞            (no helmet)
rElec   .            (no cloak)
rCorr   .            (no gloves)
SInv    .            (boots unavailable)
Will    .....        (no amulet)
Stlth   ++           (no ring)
HPRegen 0.24/turn    (no ring)
MPRegen 0.00/turn

%: infuse magic (-5 HP)
@: flying
A: sickness immunity, fire resistance 2, cold vulnerability 1, float, innate
caster, HP casting, extra vitality 1
a: no special abilities


You were on level 2 of the Dungeon.
You visited 1 branch of the dungeon, and saw 2 of its levels.

You collected 58 gold pieces.

Inventory:

Hand Weapons
 d - a +0 dagger of venom (weapon)
Armour
 a - a +0 robe
 e - a +0 ring mail
 f - a +0 leather armour (worn)
Scrolls
 g - 2 scrolls of blinking {unknown}
 h - 3 scrolls of identify {unknown}
 i - a scroll of butterflies {unknown}
Potions
 b - a potion of brilliance {unknown}
 c - a potion of mutation {unknown}
 j - a potion of haste {unknown}
 k - a potion of degeneration {unknown}


   Skills:
 + Level 2.0 Fighting
 - Level 2.1 Dodging
 - Level 1.5 Stealth
 + Level 3.0 Spellcasting


You knew the following spells:

 Your Spells              Type           Power      Damage    Failure   Level
a - Sandblast             Erth           26%        2d8       7%          1
b - Passwall              Tmut/Erth      10%        N/A       11%         2
c - Stone Arrow           Conj/Erth      26%        3d8       22%         3
d - Petrify               Tmut/Erth      13%        N/A       56%         4
e - Slow                  Hex            52%        N/A       7%          1
Your spell library was empty.

Dungeon Overview and Level Annotations

Branches:
Dungeon (2/15)

Altars:


Innate Abilities, Weirdness & Mutations

You are immune to sickness and miasma.
You are immune to poison.
Your flesh is very heat resistant. (rF++)
You are vulnerable to cold. (rC-)
You float through the air rather than walking.
You learn spells naturally, not from books.
Your magical power is your life essence.
You have superior vitality. (+4 MHP)


Message History

Spell assigned to 'e'.
There is an open door here.
The blast of sand hits the orc.
The orc is heavily wounded.
The orc hits you but does no damage. x2
The blast of sand hits the orc but does no damage.
The orc is heavily wounded.
The endoplasm barely misses you. The orc hits you but does no damage.
The blast of sand hits the orc.
You kill the orc!
The endoplasm hits you. The endoplasm barely misses you.
The blast of sand hits the endoplasm!
You kill the endoplasm!
You can't see any susceptible monsters within range! (Use Z to cast anyway.)
Things that are here:
a +0 dagger; a +0 ring mail
h - 2 scrolls labelled CIEJIY RIDOTA (gained 1)
k - a viscous grey potion
Found a ring mail.
h - 3 scrolls labelled CIEJIY RIDOTA (gained 1)
A gnoll comes into view. It is wielding a +0 whip.
The gnoll shouts!
A gnoll comes into view. It is wielding a +0 halberd.
A gnoll comes into view. It is wielding a +0 spear.
The blast of sand hits the gnoll!
The gnoll is severely wounded.
The gnoll shouts!
A gnoll comes into view. It is wielding a +0 halberd.
The gnoll moves out of view.
The blast of sand hits the gnoll!
You kill the gnoll!
Your Fighting skill increases to level 2!
Your Spellcasting skill increases to level 3!
The blast of sand misses the gnoll.
The gnoll hits you from afar with a +0 halberd!
You are too injured to fight recklessly!
The gnoll hits you from afar with a +0 halberd!
* * * LOW HITPOINT WARNING * * *
The gnoll hits you from afar with a +0 spear.
You die...

#. #g #. #.
######[#######
.......).....#
.......gg....#
.............#########
.........@...........#
#......####..........#
#...... #..........#
######. #..........#
###+## #..........#
#.....##..........#
#......#..........#
#......#..........#
#.................#


You could see 2 gnolls.

Vanquished Creatures
  A gnoll (D:2)
  An adder (D:2)
  An orc (D:2)
  2 ball pythons (D:1)
  A bat (D:1)
  5 endoplasms
  A giant cockroach (D:1)
  A goblin (D:1)
  A hobgoblin (D:1)
  2 kobolds (D:1)
  A quokka (D:1)
  2 frilled lizards
19 creatures vanquished.

Notes
Turn   | Place    | Note
-------+----------+-------------------------------------------
     0 | D:1      | Dordric the Djinni Earth Elementalist began the quest for
                  | the Orb.
     0 | D:1      | Dordric set off with the following spells memorised:
                  | Sandblast, Passwall, Stone Arrow, Petrify.
     0 | D:1      | Reached XP level 1. HP: 15/15 MP: 0/0
    77 | D:1      | Reached XP level 2. HP: 20/22 MP: 0/0
    94 | D:1      | Reached skill level 1 in Fighting
   848 | D:2      | Reached XP level 3. HP: 27/28 MP: 0/0
   848 | D:2      | Learned a level 1 spell: Slow
   902 | D:2      | Reached skill level 3 in Spellcasting
   904 | D:2      | HP: 1/28 [gnoll/+0 halberd (13)]
   904 | D:2      | Slain by a gnoll

Illustrated notes

Levels and vault maps discovered:
D:1:      dpeg_arrival_rooms_with_view, layout_basic
D:2:      layout_basic, minmay_pentomino_z2

Skill      XL: |  1  2  3 |
---------------+----------+-----
Fighting       | 1 2 |  2.0
Spellcasting   | 3 |  3.0
Dodging        | |  2.1
Stealth        | |  1.5

Action                     || total
---------------------------++-------
  Melee: Unarmed           ||     1
         Dagger            ||     6
   Cast: Sandblast         ||    33
 Armour: Leather armour    ||     3
  Dodge: Dodged            ||    12
